 Dungeon Crawl Stone Soup version 0.21-a0-227-g58a7c62 (webtiles) character file.

113 Blomdor the Chopper (level 4, 0/35 HPs)
             Began as a Barachi Skald on Aug 30, 2017.
             Slain by a kobold
             ... wielding a +0 short sword
              (1 damage)
             ... on level 3 of the Dungeon.
             The game lasted 00:04:10 (3141 turns).

Blomdor the Chopper (Barachi Skald)                 Turns: 3141, Time: 00:04:11

Health: 0/35       AC:  3    Str: 13    XL:     4   Next: 96%
Magic:  7/7        EV: 11    Int: 14    God:
Gold:   102        SH:  3    Dex: 11    Spells: 6/7 levels left

rFire    . . .     SeeInvis .   a - +0 hand axe
rCold    . . .     Gourm    +   l - +0 buckler
rNeg     . . .     Faith    .   b - +0 leather armour
rPois    .         Spirit   .   (no helmet)
rElec    .         Reflect  .   (no cloak)
rCorr    .         Harm     .   (no gloves)
MR       .....                  (no boots)
Stlth    +.........             k - amulet of the gourmand
HPRegen  0.11/turn              (no ring)
MPRegen  0.10/turn              (no ring)

@: can't hop, slow
A: +LOS, swims, slowness 1, strong legs 1
a: Hop


You were on level 3 of the Dungeon.
You were very hungry.

You visited 1 branch of the dungeon, and saw 3 of its levels.

You collected 102 gold pieces.

Inventory:

Hand Weapons
 a - a +0 hand axe (weapon)
Armour
 b - a +0 leather armour (worn)
 l - a +0 buckler (worn)
Jewellery
 e - a cursed -3 ring of protection {unknown}
 k - an amulet of the gourmand (around neck)
Wands
 i - a wand of iceblast (3/15)
Scrolls
 h - a scroll of recharging
Books
 c - a book of Battle

   Spells                             Type                      Level
   a - Infusion                       Charms                       1
   b - Shroud of Golubria             Charms/Translocation         2
   c - Song of Slaying                Charms                       2
   d - Spectral Weapon                Hexes/Charms                 3
   e - Regeneration                   Charms/Necromancy            3
Comestibles
 d - 3 bread rations
 f - 2 meat rations
 j - a royal jelly


   Skills:
 + Level 3.2 Fighting
 * Level 4.6 Axes
 + Level 1.9 Armour
 - Level 2.1 Dodging
 + Level 0.9 Shields
 - Level 2.1 Spellcasting
 - Level 3.2 Charms


You had 6 spell levels left.
You knew the following spells:

 Your Spells              Type           Power        Failure   Level  Hunger
a - Infusion              Chrm           ##..         11%         1    #......


Dungeon Overview and Level Annotations

Branches:
Dungeon (3/15)

Altars:
Fedhas
Makhleb
Nemelex Xobeh
Wu Jian

Annotations:
D:2 exclusion: oklob plant


Innate Abilities, Weirdness & Mutations

Shadows flee at your approach. (+LOS)
You can swim through water.
You cover ground slowly.
You can hop short distances.


Message History

The orc barely misses you.
You slash the orc!
You kill the orc!
The kobold throws a stone.
You block the stone.
Unknown command.
You hit the orc.
The orc is severely wounded.
The kobold throws a stone.
The stone hits you but does no damage. The orc misses you.
You hit the orc.
You kill the orc!
The kobold throws a stone.
The stone misses you.
The kobold throws a stone.
You block the stone. The kobold barely misses you.
You hit the kobold but do no damage. The kobold barely misses you.
You closely miss the kobold. The kobold closely misses you.
You hit the kobold but do no damage. The kobold hits you with a short sword.
* * * LOW HITPOINT WARNING * * *
You closely miss the kobold. The kobold hits you with a short sword.
You die...

## #####...######## #..
..#..._.......(. #.#
#.#.....######## #.#### #.#.#####
.....# #.#.# #.##.# #.#.# ### #
#.##.# #.#.# #..
#.####.##.#######.#.######## #..
##>......(.)..)(@K..........# #..
........##.#######.#.######.###..
##.#....##.# #.#.# ..####
#...)##.#######.#.# #.#
#...?##.........#.# #.#
#....############.# #.## #....#
########.#######..### ......
..................... .#....#
#######.########.###


You could see a kobold.

Vanquished Creatures
  3 adders
  An ooze (D:2)
  2 worms
  2 dart slugs (D:1)
  9 orcs (D:3)
  A ball python (D:3)
  5 bats
  4 giant cockroaches
  2 goblins
  6 hobgoblins
  2 jackals (D:1)
  12 kobolds
  6 frilled lizards
  8 rats
63 creatures vanquished.

Vanquished Creatures (others)
  A plant (D:1)
  14 toadstools (D:2)
15 creatures vanquished.

Grand Total: 78 creatures vanquished

Notes
Turn   | Place    | Note
-------+----------+-------------------------------------------
     0 | D:1      | Blomdor the Barachi Skald began the quest for the Orb.
     0 | D:1      | Reached XP level 1. HP: 17/17 MP: 3/3
   214 | D:1      | Reached skill level 3 in Axes
   214 | D:1      | Reached XP level 2. HP: 21/23 MP: 5/5
   852 | D:1      | Reached XP level 3. HP: 26/28 MP: 6/6
  1138 | D:1      | Reached skill level 4 in Axes
  1397 | D:2      | Found an ornate altar of the Wu Jian Council.
  1800 | D:2      | Found a sparkling altar of Nemelex Xobeh.
  1989 | D:2      | Reached XP level 4. HP: 31/34 MP: 7/7
  2154 | D:2      | Found a blossoming altar of Fedhas.
  2181 | D:2      | Noticed an oklob plant
  2611 | D:3      | Found a faded altar of an unknown god.
  3069 | D:3      | Found a burning altar of Makhleb.
  3140 | D:3      | HP: 1/35 [kobold/short sword (3)]
  3141 | D:3      | Slain by a kobold

Vault maps used:
D:1:      roderic_crop_circles_arrival_large, minmay_misc_feat_encased,
          minmay_statues_item, st_stairs_8, minmay_tetromino_s4
D:2:      tgw_fedhas, lemuel_coloured_pillars_altar,
          nemelex_xobeh_ov_fountains_minmay
D:3:      bloody_makhleb, first_bread, chequers_ecumenical_altar_island

Skill      XL: |  1  2  3  4 |
---------------+-------------+-----
Axes           | 3 4 |  4.6
Fighting       | 3 |  3.2
Armour         | |  1.9
Dodging        | |  2.1
Shields        | |  0.9
Spellcasting   | |  2.1
Charms         | |  3.2

Action                   |  1- 3 |  4- 6 || total
-------------------------+-------+-------++-------
Melee: Hand axe          |   187 |    88 ||   275
 Abil: Hop               |     3 |     1 ||     4
Evoke: Wand              |       |     1 ||     1
  Use: Potion            |     2 |     5 ||     7
       Scroll            |     3 |     1 ||     4
  Eat: Chunk             |     4 |     3 ||     7
Armor: Leather armour    |    62 |     9 ||    71
       Skin              |       |    24 ||    24
Dodge: Dodged            |   126 |    64 ||   190
Block: Buckler           |       |    12 ||    12

Table legend:
 A = Spawn XP
 B = Non-spawn XP
 C = Spawn XP percentage of total XP
 D = Spawn monster count
 E = Non-spawn monster count
 F = Spawn count percentage of total count
 G = Total turns spent on level
                    A         B        C        D         E        F      G
               +---------+---------+-------+---------+---------+-------+---------
         Total |      39 |     123 |  24.1 |      15 |      48 |  23.8 |  3141
               +---------+---------+-------+---------+---------+-------+---------
           D:1 |      19 |      32 |  37.3 |       9 |      18 |  33.3 |  1361
           D:2 |       6 |      39 |  13.3 |       4 |      12 |  25.0 |   974
           D:3 |      14 |      52 |  21.2 |       2 |      18 |  10.0 |   806
               +---------+---------+-------+---------+---------+-------+---------
